 Dungeon Crawl Stone Soup version 0.29-a0-474-gdfe5cd140f (webtiles) character file.

Game seed: 13757724874549894582

868 xian the Slasher (level 7, -4/61 HPs)
             Began as a Minotaur Fighter on May 24, 2022.
             Was an Initiate of Gozag.
             Engulfed by a steam dragon's steam (11 damage)
             ... on level 6 of the Dungeon.
             The game lasted 00:10:33 (5446 turns).

xian the Slasher (Minotaur Fighter)                 Turns: 5446, Time: 00:10:33

Health: -4/61      AC:  9    Str: 22    XL:     7   Next: 73%
Magic:  6/6        EV: 10    Int:  5    God:    Gozag
Gold:   501        SH:  5    Dex: 10    Spells: 6/6 levels left

rFire   x . .      SeeInvis .   a - +0 long sword
rCold   + . .      Faith    .   c - +0 buckler
rNeg    . . .      Spirit   .   b - +0 scale mail
rPois   .          Reflect  .   (helmet restricted)
rElec   .          Harm     .   r - +0 cloak
rCorr   .          Rampage  .   (no gloves)
Will    .....                   (no boots)
Stlth   ..........              (no amulet)
HPRegen 0.20/turn               i - ring of wizardry
MPRegen 0.10/turn               u - ring of ice

@: no status effects
A: horns 2, retaliatory headbutt
a: Renounce Religion, Potion Petition, Call Merchant, Bribe Branch


You were on level 6 of the Dungeon.
You worshipped Gozag.
Gozag was pleased with you.
You visited 2 branches of the dungeon, and saw 7 of its levels.

You collected 547 gold pieces.
You paid 46 gold pieces to Gozag.

Inventory:

Hand Weapons
 a - a +0 long sword (weapon)
Armour
 b - a +0 scale mail (worn)
 c - a +0 buckler (worn)
 r - a +0 cloak (worn)
Magical Staves
 o - a staff of poison
Jewellery
 i - a ring of wizardry (left hand)
 s - a +6 ring of intelligence
 u - a ring of ice (right hand)
 w - a ring of ice
Wands
 q - a wand of polymorph (3)
 t - a wand of flame (22)
Scrolls
 d - 2 scrolls of identify {unknown}
 g - a scroll of summoning
 h - 3 scrolls of teleportation {unknown}
 j - a scroll of enchant weapon {unknown}
 n - 2 scrolls of fear
 v - a scroll of poison {unknown}
 x - 2 scrolls of magic mapping {unknown}
Potions
 e - a potion of curing
 f - a potion of berserk rage
 k - a potion of flight {unknown}
 l - 3 potions of degeneration {unknown}
 m - a potion of brilliance {unknown}
 p - 2 potions of invisibility {unknown}


   Skills:
 + Level 5.1 Fighting
 + Level 6.7 Long Blades
 + Level 6.6 Armour
 + Level 2.2 Dodging
 + Level 1.0 Stealth
 + Level 5.2 Shields


You had 6 spell levels left.
You didn't know any spells.
Your spell library contained the following spells:

 Spells                   Type           Power      Damage    Failure   Level
 Slow                     Hex            0%         N/A       52%         1
 Confusing Touch          Hex            0%         N/A       86%         3
 Vampiric Draining        Necr           0%         2d6       86%         3


Dungeon Overview and Level Annotations

Branches:
Dungeon (6/15)             Temple (1/1) D:4

Altars:
Cheibriados
Dithmenos
Fedhas
Gozag
Hepliaklqana
Qazlal
Ru
Sif Muna
Vehumet
Zin


Innate Abilities, Weirdness & Mutations

You have a pair of horns on your head.
You reflexively headbutt those who attack you in melee.


Message History

The steam dragon closely misses you. You block the steam dragon's attack.
You closely miss the steam dragon.
The steam dragon is heavily wounded.
You are engulfed in a cloud of scalding steam.
* * * LOW HITPOINT WARNING * * *
The steam dragon breathes steam at you. The ball of steam misses you.
You hear an angry hiss.
You hear a shout!
You hit the steam dragon.
The steam dragon is heavily wounded.
You block the steam dragon's attack. The steam dragon barely misses you.
You hit the steam dragon.
The steam dragon is severely wounded.
The steam dragon closely misses you.
The steam dragon claws you but does no damage.
You barely miss the steam dragon.
You headbutt the steam dragon, but do no damage.
The steam dragon is severely wounded.
The steam dragon bites you.
* * * LOW HITPOINT WARNING * * *
The steam dragon claws you but does no damage.
You hit the steam dragon but do no damage.
Your headbutt misses the steam dragon.
The steam dragon is severely wounded.
You block the steam dragon's attack. The steam dragon closely misses you.
You barely miss the steam dragon.
The steam dragon is severely wounded.
You block the steam dragon's attack. The steam dragon barely misses you.
A gnoll comes into view. It is wielding a +0 club.
You closely miss the steam dragon.
The steam dragon is severely wounded.
The gnoll shouts!
The steam dragon breathes steam at you. The ball of steam hits you.
The steam scalds you terribly!
* * * LOW HITPOINT WARNING * * *
You hit the steam dragon but do no damage.
The steam dragon is severely wounded.
You are engulfed in a cloud of scalding steam.
You die...
Your body crumbles into a pile of gold.

# ..........# #<
......... #.#....g..
..S..... ## ####.....
.# ../.....# .#
#########.###########.#
#.......Dg##..........#
.......#@§##..........#
#.####.#§§.'..........#
#.#§###.........##
#.#.# #.........+ #.#.#
#.........#### #.#.#
#.........'... #.#.#
#.........#### #.#
###......... #.#
#...######.#


You could see a steam dragon (catching breath) and 2 gnolls.

Vanquished Creatures
  A water moccasin (D:4)
  An ogre (D:6)
  A phantom (D:5)
  A bullfrog (D:6)
  3 hounds
  An orc priest (D:5)
  A gnoll shaman (D:4)
  2 iguanas (D:5)
  Natasha (thrice) (D:3)
  6 gnolls
  9 adders
  2 white imps
  5 worms
  4 dart slugs
  8 orcs
  6 ball pythons
  5 endoplasms
  6 giant cockroaches
  6 goblins
  5 hobgoblins
  3 jackals (D:4)
  4 quokkas
  4 bats
  7 frilled lizards
  8 kobolds
  3 rats
105 creatures vanquished.

Notes
Turn   | Place    | Note
-------+----------+-------------------------------------------
     0 | D:1      | xian the Minotaur Fighter began the quest for the Orb.
     0 | D:1      | Reached XP level 1. HP: 19/19 MP: 0/0
   160 | D:1      | Found a faded altar of an unknown god.
   238 | D:1      | Reached XP level 2. HP: 27/27 MP: 1/1
   888 | D:2      | Reached XP level 3. HP: 30/33 MP: 2/2
  1681 | D:3      | Noticed Natasha
  1688 | D:3      | Killed Natasha
  1689 | D:3      | Reached skill level 1 in Dodging
  1689 | D:3      | Reached XP level 4. HP: 32/40 MP: 3/3
  1841 | D:3      | Noticed Natasha
  1849 | D:3      | Killed Natasha
  2067 | D:3      | Noticed Natasha
  2075 | D:3      | Killed Natasha
  2076 | D:3      | Reached XP level 5. HP: 46/46 MP: 4/4
  2724 | D:4      | Found a staircase to the Ecumenical Temple.
  2735 | Temple   | Entered the Ecumenical Temple
  2841 | Temple   | Became a worshipper of Gozag Ym Sagoz the Greedy
  2944 | D:4      | Reached skill level 5 in Armour
  3287 | D:4      | Reached XP level 6. HP: 14/53 MP: 5/5
  4113 | D:5      | Entered Level 5 of the Dungeon
  4113 | D:5      | Noticed a water moccasin
  4118 | D:5      | Reached skill level 5 in Long Blades
  4131 | D:4      | Killed a water moccasin
  4385 | D:5      | Reached XP level 7. HP: 60/60 MP: 6/6
  4403 | D:5      | Reached skill level 5 in Shields
  4862 | D:5      | Found a snail-covered altar of Cheibriados.
  5122 | D:6      | Reached skill level 5 in Fighting
  5122 | D:6      | Reached skill level 1 in Stealth
  5426 | D:6      | Noticed a steam dragon
  5446 | D:6      | Engulfed by a steam dragon's steam

Illustrated notes

Levels and vault maps discovered:
D:1:      amcnicky_arrival_choice, layout_basic,
          chequers_ecumenical_altar_simple_redux
D:2:      layout_loops_ring, st_stairs_14, chequers_jeans, corner_web_ring
D:3:      layout_loops_ring, grunt_ministairs_2, minmay_hedge_maze,
          hangedman_decor_growths, uniq_natasha
D:4:      layout_basic, minmay_temple_entry_ruins, kennysheep_pointless_box,
          minmay_surrounded
D:5:      layout_rooms, mainiacjoe_overflow_alcove_4
D:6:      layout_basic, mainiacjoe_overflow_alcove_1
Temple:   mainiacjoe_temple_coin_purse

Skill      XL: |  1  2  3  4  5  6  7 |
---------------+----------------------+-----
Shields        | 4 5 |  5.2
Armour         | 4 5 6 |  6.6
Fighting       | 4 5 |  5.1
Long Blades    | 3 4 5 6 |  6.7
Dodging        | 1 2 |  2.2
Stealth        | 1 |  1.0

Action                   |  1- 3 |  4- 6 |  7- 9 || total
-------------------------+-------+-------+-------++-------
Melee: Long sword        |    87 |   148 |    88 ||   323
       Headbutt          |    14 |    21 |    12 ||    47
  Use: Potion            |       |     5 |       ||     5
       Scroll            |       |     2 |       ||     2
Armor: Scale mail        |    47 |    68 |    34 ||   149
Dodge: Dodged            |    52 |    76 |    62 ||   190
Block: Buckler           |    18 |    46 |    27 ||    91

Table legend: (Time is in decaauts)
 A = Elapsed time spent in this place.
 B = Non-inter-level travel time spent in this place.
 C = Inter-level travel time spent in this place.
 D = Time resting spent in this place.
 E = Time spent auto-exploring this place.
 F = Levels seen in this place.
 G = Mean time per level.
                   A        B        C        D        E       F      G
               +--------+--------+--------+--------+--------+-----+--------+
         Total |   5537 |   5417 |    120 |    308 |   3851 |   7 |  791.0 |
       Dungeon |   5413 |   5305 |    108 |    308 |   3754 |   6 |  902.2 |
        Temple |    123 |    111 |     12 |      0 |     97 |   1 |  123.0 |
               +--------+--------+--------+--------+--------+-----+--------+

Top non-repeatable levels by time:
     D:4: 1347 daAuts
     D:3: 1007 daAuts
     D:5: 948 daAuts
     D:2: 888 daAuts
     D:1: 817 daAuts
     D:6: 405 daAuts
  Temple: 123 daAuts
